 Dungeon Crawl Stone Soup version 0.32-a0-981-g384da2ce10 (webtiles) character file.

Game seed: 16631403178524779985

1401 DrKenneth the Trooper (level 8, -2/73 HPs)
             Began as a Minotaur Fighter on Apr 21, 2024.
             Slain by a vampire mosquito (6 damage)
             ... on level 5 of the Dungeon.
             The game lasted 00:11:40 (4814 turns).

DrKenneth the Trooper (Minotaur Fighter)            Turns: 4814, Time: 00:11:41

Health: -2/73      AC: 14    Str: 29    XL:     8   Next: 41%
Magic:  7/7        EV:  6    Int:  5    God:
Gold:   319        SH:  6    Dex: 16    Spells: 7/7 levels left

rFire   . . .        a - +0 war axe
rCold   . . .        c - +0 buckler
rNeg    . . .        k - +0 plate armour
rPois   .            (helmet restricted)
rElec   .            (no cloak)
rCorr   .            (no gloves)
SInv    .            v - +0 pair of boots {Stlth+}
Will    .....        (no amulet) Stlth
                     q - +6 ring of dexterity
HPRegen 0.32/turn    x - +6 ring of strength
MPRegen 0.10/turn

%: no passive effects
@: no status effects
A: horns 2, retaliatory headbutt
a: no special abilities


You were on level 5 of the Dungeon.
You visited 1 branch of the dungeon, and saw 6 of its levels.

You collected 319 gold pieces.

Inventory:

Hand Weapons
 a - a +0 war axe (weapon)
 z - a +4 heavy flail
Armour
 c - a +0 buckler (worn)
 k - a +0 plate armour (worn)
 u - a +0 pair of boots
 v - a +0 pair of boots of stealth (worn)
 A - a +4 scale mail of poison resistance
Jewellery
 p - an amulet of guardian spirit
 q - a +6 ring of dexterity (left hand)
 w - a ring of wizardry
 x - a +6 ring of strength (right hand)
Scrolls
 h - 2 scrolls of identify
 j - 2 scrolls of amnesia
 l - 2 scrolls of teleportation
 n - 2 scrolls of immolation
 r - 2 scrolls of revelation {unknown}
 y - a scroll of poison {unknown}
 B - a scroll of fear {unknown}
Potions
 d - 3 potions of might
 e - a potion of degeneration
 f - a potion of berserk rage {unknown}
 g - 2 potions of heal wounds {unknown}
 i - a potion of resistance {unknown}
 m - a potion of magic
 s - 2 potions of curing {unknown}
 t - 2 potions of brilliance {unknown}


   Skills:
 + Level 7.3 Fighting
 + Level 6.6 Axes
 + Level 7.2 Armour
 + Level 7.1 Shields


You had 7 spell levels left.
You didn't know any spells.
Your spell library contained the following spells:

 Spells                   Type           Power      Damage    Failure   Level
 Scorch                   Fire           0%         2d5       100%        2
 Flame Wave               Conj/Fire      0%         2d4       100%        4
 Summon Cactus Giant      Summ           0%         N/A       100%        6


Dungeon Overview and Level Annotations

Branches:
Dungeon (6/15)
 Temple: D:4-7

Altars:
Elyvilon
Fedhas
Gozag
Hepliaklqana
Okawaru
Qazlal
Vehumet
The Shining One
Beogh

Shops:
D:2 (   D:3 (


Innate Abilities, Weirdness & Mutations

You have a pair of horns on your head.
You reflexively headbutt those who attack you in melee.


Message History

* * * LOW HITPOINT WARNING * * *
The vampire mosquito draws strength from your injuries!
The vampire mosquito bites you but does no damage. x2
The vampire mosquito bites you.
* * * LOW HITPOINT WARNING * * *
The vampire mosquito draws strength from your injuries!
The vampire mosquito bites you!
* * * LOW HITPOINT WARNING * * *
The vampire mosquito draws strength from your injuries!
The orc wizard hits you but does no damage.
There is a stone staircase leading up here.
The vampire mosquito bites you.
* * * LOW HITPOINT WARNING * * *
The vampire mosquito draws strength from your injuries!
The vampire mosquito bites you but does no damage. x2
The vampire mosquito bites you.
* * * LOW HITPOINT WARNING * * *
The vampire mosquito draws strength from your injuries!
The orc wizard hits you but does no damage.
You block the vampire mosquito's attack.
You climb upwards.
There is a stone staircase leading down here.
Things that are here:
a +0 scale mail; a +0 pair of boots It was a potion of magic.
Magic courses through your body.
The vampire mosquito bites you but does no damage. x2
You block the vampire mosquito's attack.
The orc wizard gestures wildly while chanting.
The orc wizard flickers and vanishes!
Deactivating autopickup; reactivate with Ctrl-A.
You block the vampire mosquito's attack.
You miss the vampire mosquito. You headbutt the vampire mosquito!
The vampire mosquito is severely damaged.
You slash the vampire mosquito! You miss something.
The vampire mosquito bites you.
* * * LOW HITPOINT WARNING * * *
The vampire mosquito draws strength from your injuries!
You block the vampire mosquito's attack.
The vampire mosquito bites you.
You die...

.####.#ß.#.#.ß#.###...#.#...##
.# ####.###.##.# #..##...###
.# ##...##..# #.....#.# ####
##.....##.# ####..#.# ...#
#ß.....ß#.####....#.# ._.#
##.ß)ß.##.#....##.#.# ...#
###_####.........#.# '''#
#.###..#.#y#######.# ...###
#..###..{@.#######.# .P.'.#
#......#.y.........#######
.P.'.#
#._.#####'#########.......
.P.'.# #.....<....# #.......
...#.# #.#.......(# #.......
'''#.# #)##.......# #.......
...###
#.##.......########.......
._.###
#.##......................
...#.#
#.####'####...............


You could see 2 vampire mosquitoes.

Vanquished Creatures
  Edmund (D:5)
  2 water moccasins
  An orc warrior (D:5)
  A black bear (D:5)
  An ogre (D:5)
  A centaur (D:5)
  Blork the orc (D:5)
  4 scorpions
  A bombardier beetle (D:5)
  3 orc priests
  An iguana (D:6)
  2 orc wizards (D:5)
  3 gnolls (D:5)
  8 adders
  2 dart slugs
  2 ribbon worms (D:2)
  16 orcs
  8 endoplasms
  3 giant cockroaches
  13 goblins
  7 hobgoblins
  8 jackals (D:1)
  11 kobolds
  7 quokkas
  7 ball pythons
  5 bats
  3 frilled lizards
  9 rats
131 creatures vanquished.

Notes
Turn   | Place    | Note
-------+----------+-------------------------------------------
     0 | D:1      | DrKenneth the Minotaur Fighter began the quest for the Orb.
     0 | D:1      | Reached XP level 1. HP: 19/19 MP: 0/0
    74 | D:1      | Reached XP level 2. HP: 27/27 MP: 1/1
   235 | D:1      | Reached XP level 3. HP: 33/33 MP: 2/2
   810 | D:2      | Found Neats's Antique Weapon Shop.
   905 | D:2      | Reached XP level 4. HP: 41/41 MP: 3/3
  1376 | D:2      | Found a faded altar of an unknown god.
  1911 | D:3      | Found a stormy altar of Qazlal.
  2260 | D:3      | Found Biyn's Antique Weapon Shoppe.
  2414 | D:3      | Found a blossoming altar of Fedhas.
  2516 | D:3      | Found an iron altar of Okawaru.
  2524 | D:3      | Reached XP level 5. HP: 43/47 MP: 4/4
  2956 | D:4      | Reached skill level 5 in Fighting
  3191 | D:4      | Reached skill level 5 in Armour
  3191 | D:4      | Reached skill level 5 in Shields
  3355 | D:4      | Found a radiant altar of Vehumet.
  3635 | D:4      | Reached XP level 6. HP: 56/56 MP: 5/5
  3660 | D:5      | Entered Level 5 of the Dungeon
  3660 | D:5      | Found an opulent altar of Gozag.
  3779 | D:5      | Noticed a water moccasin
  3786 | D:5      | Killed a water moccasin
  3874 | D:5      | Reached skill level 5 in Axes
  3874 | D:5      | Reached XP level 7. HP: 62/62 MP: 6/6
  3910 | D:5      | Found a white marble altar of Elyvilon.
  3921 | D:5      | Found a hazy altar of Hepliaklqana.
  4071 | D:5      | Found a roughly hewn altar of Beogh.
  4071 | D:5      | Found the +7 staff of the Meek {protect, meekguard}
  4180 | D:5      | Found a glowing golden altar of the Shining One.
  4214 | D:5      | Noticed Edmund
  4227 | D:5      | Killed Edmund
  4228 | D:5      | Reached XP level 8. HP: 42/71 MP: 7/7
  4375 | D:5      | Noticed Blork the orc
  4384 | D:5      | Killed Blork the orc
  4811 | D:6      | Identified the +1 double sword of the Imbibing Badger
                  | {flame, rC+ Stlth+}
  4814 | D:5      | Slain by a vampire mosquito

Illustrated notes

Levels and vault maps discovered:
D:1:      dpeg_arrival_tiny_a, layout_loops_ring
D:2:      minmay_razor_zed, layout_basic,
          dreamdust_ecumenical_altar_angels_and_demons, serial_shops, shop,
          corexii_leaking_fountain
D:3:      layout_basic, mainiacjoe_overflow_boulevard,
          okawaru_altar_gauntlet_db, mainiacjoe_overflow_24_doors, serial_shops,
          shop, nicolae_figureground_sparkle
D:4:      layout_loops_ring, mainiacjoe_overflow_chevrons, serial_bayou,
          serial_bayou_pond_e, serial_bayou_pond_e, serial_bayou_pond_e,
          serial_bayou_lagoon_a
D:5:      layout_basic, nicolae_gozag_seed_capital, kennysheep_mini,
          mainiacjoe_overflow_big_doors, pf_guarded_unrand_meek, uniq_edmund,
          uniq_blork_the_orc
D:6:      layout_cave_pools, minmay_temple_entry_arrows, serial_shops,
          nicolae_shop_real_fake_doors, serial_bayou_ford_a

Skill      XL: |  1  2  3  4  5  6  7  8 |
---------------+-------------------------+-----
Fighting       | 4 5 6 7 |  7.3
Armour         | 4 5 6 7 |  7.2
Shields        | 4 5 6 7 |  7.1
Axes           | 3 4 5 6 |  6.6

Action                     |  1- 3 |  4- 6 |  7- 9 || total
---------------------------+-------+-------+-------++-------
  Melee: War axe           |    98 |   160 |    88 ||   346
         Headbutt          |    14 |    23 |    16 ||    53
    Use: Scroll            |       |     4 |       ||     4
         Potion            |       |       |     1 ||     1
 Armour: Scale mail        |    78 |    93 |       ||   171
         Plate armour      |       |    42 |   111 ||   153
  Dodge: Dodged            |    46 |    71 |    32 ||   149
  Block: Buckler           |    19 |    45 |    38 ||   102

Table legend: (Time is in decaauts)
 A = Elapsed time spent in this place.
 B = Non-inter-level travel time spent in this place.
 C = Inter-level travel time spent in this place.
 D = Time resting spent in this place.
 E = Time spent auto-exploring this place.
 F = Levels seen in this place.
 G = Mean time per level.
                   A        B        C        D        E       F      G
               +--------+--------+--------+--------+--------+-----+--------+
         Total |   4935 |   4504 |    431 |    269 |   3330 |   6 |  822.5 |
       Dungeon |   4935 |   4504 |    431 |    269 |   3330 |   6 |  822.5 |
               +--------+--------+--------+--------+--------+-----+--------+

Top non-repeatable levels by time:
     D:2: 1295 daAuts
     D:5: 1166 daAuts
     D:4: 930 daAuts
     D:3: 859 daAuts
     D:1: 666 daAuts
     D:6: 15 daAuts
